| TOP OF THE 1ST |
|
Chicago (APP) Cubs batting - Pitching for Ogden Raptors : LHP Adrian Huerta
|
|
Pitching: LHP Adrian Huerta
|
|
|
Batting: RHB Lencho Otieno
|
0-0: Foul Ball, location: 2F 0-1: Called Strike 0-2: Ball 1-2: Ball 2-2: Ball 3-2: Ground out 5-3 (Groundball, 56S, EV 85.0 MPH)
|
|
Batting: SHB Jim Lloyd
|
0-0: Foul Ball, location: 2F 0-1: SINGLE (Groundball, 6M, EV 98.1 MPH) (infield hit)
|
|
Batting: RHB Mike Stein
|
0-0: Ball 1-0: Foul Ball, location: 2F 1-1: Ball 2-1: Grounds into double play, 6-4-3 (Groundball, 56, EV 86.2 MPH)
|
| Top of the 1st over - 0 runs, 1 hit, 0 errors, 0 left on base; Chicago (APP) 0 - Ogden 0 |
| BOTTOM OF THE 1ST |
|
Ogden Raptors batting - Pitching for Chicago (APP) Cubs : RHP Bobby Almonte
|
|
Pitching: RHP Bobby Almonte
|
|
|
Batting: RHB Felipe Rivera
|
0-0: Ground out 5-3 (Groundball, 56, EV 104.4 MPH)
|
|
Batting: RHB Kekoa Kahele
|
0-0: SINGLE (Groundball, 4M, EV 95.0 MPH) (infield hit)
|
|
Batting: SHB Guy Jerome
|
0-0: Ball Kekoa Kahele steals 2nd base 1-0: Ball Kekoa Kahele steals 3rd base (no throw) 2-0: Ball 3-0: Foul Ball, location: 2F 3-1: Called Strike 3-2: Base on Balls
|
|
Batting: RHB Jerry Sanchez
|
0-0: Ball 1-0: Ball 2-0: DOUBLE (Flyball, 8LXD, EV 110.0 MPH) Kekoa Kahele scores Guy Jerome to third Runner from 3rd tries for Home, SAFE, no throw by CF
|
|
Batting: LHB Pedro Garza
|
0-0: Ball 1-0: Called Strike 1-1: Foul Ball, location: 2F 1-2: DOUBLE (Line Drive, 5D, EV 97.5 MPH) Jerry Sanchez scores
|
|
Batting: RHB David Watkins
|
0-0: Foul Ball, location: 2F 0-1: Foul Ball, location: 2F 0-2: Ball 1-2: Ball 2-2: 2-RUN HOME RUN (Line Drive, 9D, EV 103.1 MPH), Distance : 397 ft
|
|
Batting: RHB Roberto Sotelo
|
0-0: Called Strike 0-1: Ball 1-1: Foul Ball, location: 2F 1-2: Ball 2-2: Ball 3-2: Base on Balls
|
|
Batting: SHB Jason Todd
|
0-0: Foul Ball, location: 2F 0-1: Foul Ball, location: 2F 0-2: 2-RUN HOME RUN (Flyball, 9D, EV 95.0 MPH), Distance : 369 ft
|
|
Batting: RHB Bobby Altamirano
|
0-0: DOUBLE (Line Drive, 9LD, EV 105.0 MPH)
|
|
Batting: RHB Felipe Rivera
|
0-0: SINGLE (Groundball, 56D, EV 94.4 MPH) Bobby Altamirano to third
|
|
Batting: RHB Kekoa Kahele
|
0-0: Called Strike 0-1: Ball 1-1: 3-RUN HOME RUN (Flyball, 7LD, EV 95.0 MPH), Distance : 346 ft
|
|
Pitching: RHP Masato Iwase
|
|
|
Batting: SHB Guy Jerome
|
0-0: Fly out, F5 (Popup, 15, EV 81.9 MPH)
|
|
Batting: RHB Jerry Sanchez
|
0-0: Ball 1-0: Ball 2-0: Ball 3-0: Base on Balls
|
|
Batting: LHB Pedro Garza
|
0-0: Ball 1-0: Called Strike 1-1: Called Strike 1-2: Ball 2-2: Ball 3-2: Foul Ball, location: 2F 3-2: 2-RUN HOME RUN (Flyball, 7D, EV 98.1 MPH), Distance : 380 ft
|
|
Batting: RHB David Watkins
|
0-0: Called Strike 0-1: SOLO HOME RUN (Flyball, 9D, EV 98.8 MPH), Distance : 388 ft
|
|
Batting: RHB Roberto Sotelo
|
0-0: Swinging Strike 0-1: Ball 1-1: Called Strike 1-2: Ground out U3 (Groundball, 3, EV 107.5 MPH)
|
| Bottom of the 1st over - 13 runs, 10 hits, 0 errors, 0 left on base; Chicago (APP) 0 - Ogden 13 |
| TOP OF THE 2ND |
|
Chicago (APP) Cubs batting - Pitching for Ogden Raptors : LHP Adrian Huerta
|
|
Batting: RHB Dustin Goldsborough
|
0-0: Fly out, F9 (Flyball, 9, EV 84.4 MPH)
|
|
Batting: RHB Andy Baumhardt
|
0-0: Ball 1-0: Called Strike 1-1: Swinging Strike 1-2: Strikes out looking
|
|
Batting: RHB Juan Lira
|
0-0: Called Strike 0-1: Ground out 6-3 (Groundball, 6, EV 83.8 MPH)
|
| Top of the 2nd over - 0 runs, 0 hits, 0 errors, 0 left on base; Chicago (APP) 0 - Ogden 13 |
| BOTTOM OF THE 2ND |
|
Ogden Raptors batting - Pitching for Chicago (APP) Cubs : RHP Masato Iwase
|
|
Batting: SHB Jason Todd
|
0-0: Called Strike 0-1: Ball 1-1: Foul Ball, location: 2F 1-2: Strikes out swinging
|
|
Batting: RHB Bobby Altamirano
|
0-0: Ball 1-0: Ball 2-0: Ball 3-0: Base on Balls
|
|
Batting: RHB Felipe Rivera
|
0-0: Called Strike 0-1: Fly out, F7 (Flyball, 78M, EV 91.9 MPH)
|
|
Batting: RHB Kekoa Kahele
|
0-0: Fly out, F8 (Flyball, 8LM, EV 85.6 MPH)
|
| Bottom of the 2nd over - 0 runs, 0 hits, 0 errors, 1 left on base; Chicago (APP) 0 - Ogden 13 |
| TOP OF THE 3RD |
|
Chicago (APP) Cubs batting - Pitching for Ogden Raptors : LHP Adrian Huerta
|
|
Batting: LHB Jose Mafano
|
0-0: Foul Ball, location: 2F 0-1: Foul Ball, location: 2F 0-2: Strikes out swinging
|
|
Batting: RHB Andy Villarreal
|
0-0: Called Strike 0-1: Ball 1-1: Ball 2-1: Ground out 4-3 (Groundball, 4, EV 91.2 MPH)
|
|
Batting: RHB Jorge Gonzalez
|
0-0: Called Strike 0-1: Ball 1-1: Ball 2-1: Foul Ball, location: 2F 2-2: Strikes out swinging
|
| Top of the 3rd over - 0 runs, 0 hits, 0 errors, 0 left on base; Chicago (APP) 0 - Ogden 13 |
| BOTTOM OF THE 3RD |
|
Ogden Raptors batting - Pitching for Chicago (APP) Cubs : RHP Masato Iwase
|
|
Batting: SHB Guy Jerome
|
0-0: Ball 1-0: Foul Ball, location: 2F 1-1: Ball 2-1: DOUBLE (Groundball, 5L, EV 103.1 MPH)
|
|
Batting: RHB Jerry Sanchez
|
0-0: Ball 1-0: Ball 2-0: Ball Wild Pitch! Guy Jerome to third 3-0: Called Strike 3-1: Base on Balls
|
|
Batting: LHB Pedro Garza
|
0-0: Called Strike 0-1: Ball 1-1: Called Strike 1-2: Ball 2-2: Ball 3-2: Base on Balls Jerry Sanchez to second
|
|
Batting: RHB David Watkins
|
0-0: Called Strike 0-1: Fielders Choice at 2nd, 5-4 (Groundball, 56, EV 99.4 MPH) Guy Jerome scores Jerry Sanchez to third
|
|
Batting: RHB Roberto Sotelo
|
0-0: Ball 1-0: Ball 2-0: Ball 3-0: Called Strike 3-1: Base on Balls David Watkins to second
|
|
Batting: SHB Jason Todd
|
0-0: Ball 1-0: Swinging Strike 1-1: TRIPLE (Flyball, 89XD, EV 98.8 MPH) Jerry Sanchez scores David Watkins scores Roberto Sotelo scores
|
|
Batting: RHB Bobby Altamirano
|
0-0: Swinging Strike 0-1: Ball 1-1: Called Strike 1-2: Ball 2-2: Foul Ball, location: 2F 2-2: Strikes out swinging
|
|
Batting: RHB Felipe Rivera
|
0-0: Ball 1-0: SINGLE (Flyball, 56D, EV 88.8 MPH) Jason Todd scores
|
|
Batting: RHB Kekoa Kahele
|
0-0: Ball 1-0: Fly out, F8 (Flyball, 8LM, EV 92.5 MPH)
|
| Bottom of the 3rd over - 5 runs, 3 hits, 0 errors, 1 left on base; Chicago (APP) 0 - Ogden 18 |
| TOP OF THE 4TH |
|
Chicago (APP) Cubs batting - Pitching for Ogden Raptors : LHP Adrian Huerta
|
|
Batting: RHB Lencho Otieno
|
0-0: Ball 1-0: Ball 2-0: Ground out 6-3 (Groundball, 6, EV 82.5 MPH)
|
|
Batting: SHB Jim Lloyd
|
0-0: Called Strike 0-1: Called Strike 0-2: Ball 1-2: Ball 2-2: Foul Ball, location: 2F 2-2: Ball 3-2: Base on Balls
|
|
Batting: RHB Mike Stein
|
0-0: Ball Jim Lloyd is caught stealing 2nd base 2-4 1-0: Ball 2-0: Swinging Strike 2-1: Ball 3-1: Called Strike 3-2: Base on Balls
|
|
Batting: RHB Dustin Goldsborough
|
0-0: Called Strike 0-1: Swinging Strike 0-2: Fielders Choice at 2nd, 6-4 (Groundball, 6, EV 85.6 MPH)
|
| Top of the 4th over - 0 runs, 0 hits, 0 errors, 1 left on base; Chicago (APP) 0 - Ogden 18 |
| BOTTOM OF THE 4TH |
|
Ogden Raptors batting - Pitching for Chicago (APP) Cubs : RHP Masato Iwase
|
|
Batting: SHB Guy Jerome
|
0-0: Ball 1-0: SINGLE (Groundball, 56S, EV 70.0 MPH) (infield hit)
|
|
Batting: RHB Jerry Sanchez
|
0-0: 2-RUN HOME RUN (Flyball, 7D, EV 96.2 MPH), Distance : 379 ft
|
|
Batting: LHB Pedro Garza
|
0-0: Foul Ball, location: 2F 0-1: Hit by Pitch
|
|
Batting: RHB David Watkins
|
0-0: Foul Ball, location: 2F 0-1: Foul Ball, location: 2F 0-2: Ball 1-2: Ball 2-2: Ball 3-2: Base on Balls Pedro Garza to second
|
|
Batting: RHB Roberto Sotelo
|
0-0: Swinging Strike 0-1: Ball 1-1: Foul Ball, location: 2F 1-2: Ground out 6-3 (Groundball, 56, EV 100.6 MPH) Pedro Garza to third David Watkins to second
|
|
Batting: SHB Jason Todd
|
0-0: SINGLE (Line Drive, 3L, EV 100.6 MPH) Pedro Garza scores David Watkins to third
|
|
Batting: RHB Bobby Altamirano
|
0-0: 3-RUN HOME RUN (Line Drive, 78XD, EV 108.1 MPH), Distance : 438 ft
|
|
Batting: RHB Felipe Rivera
|
0-0: Ball 1-0: Ball 2-0: Called Strike 2-1: Foul Ball, location: 2F 2-2: Strikes out swinging
|
|
Batting: RHB Kekoa Kahele
|
0-0: Ball 1-0: Called Strike 1-1: Foul Ball, location: 2F 1-2: Ball 2-2: Ball 3-2: Base on Balls
|
|
Batting: SHB Guy Jerome
|
0-0: Ball 1-0: Ball 2-0: Swinging Strike 2-1: Ball 3-1: Base on Balls Kekoa Kahele to second
|
|
Batting: RHB Jerry Sanchez
|
0-0: Ball 1-0: Ball 2-0: Ball 3-0: Base on Balls Kekoa Kahele to third Guy Jerome to second
|
|
Batting: LHB Pedro Garza
|
0-0: Called Strike 0-1: Ball 1-1: Swinging Strike 1-2: Foul Ball, location: 2F 1-2: Ball 2-2: Ball 3-2: Strikes out swinging
|
| Bottom of the 4th over - 6 runs, 4 hits, 0 errors, 3 left on base; Chicago (APP) 0 - Ogden 24 |
| TOP OF THE 5TH |
|
Chicago (APP) Cubs batting - Pitching for Ogden Raptors : LHP Adrian Huerta
|
|
Batting: RHB Andy Baumhardt
|
0-0: Ball 1-0: Ball 2-0: Ball 3-0: Called Strike 3-1: Base on Balls
|
|
Batting: RHB Juan Lira
|
0-0: Ball 1-0: Ball 2-0: Called Strike 2-1: Foul Ball, location: 2F 2-2: Strikes out swinging
|
|
Batting: LHB Jose Mafano
|
0-0: Fielders Choice at 2nd, 4-6 (Groundball, 4M, EV 93.8 MPH)
|
|
Batting: RHB Andy Villarreal
|
0-0: Hit by Pitch Jose Mafano to second
|
|
Batting: RHB Jorge Gonzalez
|
0-0: Ball 1-0: Foul Ball, location: 2F 1-1: Ground out 3-1 (Groundball, 34S, EV 83.8 MPH)
|
| Top of the 5th over - 0 runs, 0 hits, 0 errors, 2 left on base; Chicago (APP) 0 - Ogden 24 |
| BOTTOM OF THE 5TH |
|
Ogden Raptors batting - Pitching for Chicago (APP) Cubs : RHP Masato Iwase
|
|
Batting: RHB David Watkins
|
0-0: Ball 1-0: Ball 2-0: Ball 3-0: Base on Balls
|
|
Batting: RHB Roberto Sotelo
|
0-0: Ball 1-0: Ball 2-0: Ball 3-0: Base on Balls David Watkins to second
|
|
Batting: SHB Jason Todd
|
0-0: Swinging Strike 0-1: DOUBLE (Line Drive, 8RXD, EV 108.1 MPH) David Watkins scores Roberto Sotelo to third
|
|
Batting: RHB Bobby Altamirano
|
0-0: DOUBLE (Line Drive, 89D, EV 111.9 MPH) Roberto Sotelo scores Jason Todd scores
|
|
Batting: RHB Felipe Rivera
|
0-0: Ground out U3 (Groundball, 3S, EV 61.9 MPH) Bobby Altamirano to third
|
|
Batting: RHB Kekoa Kahele
|
0-0: Ball 1-0: Ball 2-0: Ball 3-0: Called Strike 3-1: Base on Balls
|
|
Batting: SHB Guy Jerome
|
0-0: SINGLE (Groundball, 34D, EV 106.2 MPH) Bobby Altamirano scores Kekoa Kahele to second Runner from 2nd tries for 3rd, SAFE, throw by RF made to third
|
|
Batting: RHB Jerry Sanchez
|
0-0: Swinging Strike 0-1: 3-RUN HOME RUN (Flyball, 9LD, EV 98.8 MPH), Distance : 360 ft
|
|
Batting: LHB Pedro Garza
|
0-0: Called Strike 0-1: Fly out, F8 (Flyball, 78M, EV 89.4 MPH)
|
|
Batting: RHB David Watkins
|
0-0: Reached on error, E6 (Groundball, 6, EV 87.5 MPH)
|
|
Batting: RHB Roberto Sotelo
|
0-0: Ground out 5-3 (Groundball, 15, EV 87.5 MPH)
|
| Bottom of the 5th over - 7 runs, 4 hits, 1 error, 1 left on base; Chicago (APP) 0 - Ogden 31 |
| TOP OF THE 6TH |
|
Chicago (APP) Cubs batting - Pitching for Ogden Raptors : LHP Adrian Huerta
|
|
Batting: RHB Lencho Otieno
|
0-0: Ball 1-0: Ground out 4-3 (Groundball, 4, EV 83.8 MPH)
|
|
Batting: SHB Jim Lloyd
|
0-0: Called Strike 0-1: Foul Ball, location: 2F 0-2: Ball 1-2: Ground out 4-3 (Groundball, 4, EV 100.6 MPH)
|
|
Batting: RHB Mike Stein
|
0-0: DOUBLE (Line Drive, 78D, EV 108.8 MPH)
|
|
Batting: RHB Dustin Goldsborough
|
0-0: Ball 1-0: Called Strike 1-1: Ball 2-1: Ball 3-1: Foul Ball, location: 2F 3-2: Base on Balls
|
|
Batting: RHB Andy Baumhardt
|
0-0: Called Strike 0-1: Foul Ball, location: 2F 0-2: Fly out, F7 (Flyball, 78M, EV 82.5 MPH)
|
| Top of the 6th over - 0 runs, 1 hit, 0 errors, 2 left on base; Chicago (APP) 0 - Ogden 31 |
| BOTTOM OF THE 6TH |
|
Ogden Raptors batting - Pitching for Chicago (APP) Cubs : RHP Masato Iwase
|
|
Batting: SHB Jason Todd
|
0-0: Ball 1-0: Called Strike 1-1: Swinging Strike 1-2: Strikes out swinging
|
|
Batting: RHB Bobby Altamirano
|
0-0: Called Strike 0-1: Ball 1-1: Ground out 3-1 (Groundball, 34, EV 77.5 MPH)
|
|
Batting: RHB Felipe Rivera
|
0-0: Ground out 6-3 (Groundball, 56, EV 106.2 MPH)
|
| Bottom of the 6th over - 0 runs, 0 hits, 0 errors, 0 left on base; Chicago (APP) 0 - Ogden 31 |
| TOP OF THE 7TH |
|
Chicago (APP) Cubs batting - Pitching for Ogden Raptors : LHP Adrian Huerta
|
|
Batting: RHB Juan Lira
|
0-0: Ball 1-0: Hit by Pitch
|
|
Batting: LHB Jose Mafano
|
0-0: Foul Ball, location: 2F 0-1: Ball 1-1: Called Strike Juan Lira steals 2nd base (no throw) 1-2: Foul Ball, location: 2F 1-2: Ground out 4-3 (Groundball, 13, EV 86.2 MPH) Juan Lira to third
|
|
Pitching: LHP Conor Bailey
|
|
|
Batting: RHB Andy Villarreal
|
0-0: Ball 1-0: Called Strike 1-1: Called Strike 1-2: Strikes out swinging
|
|
Batting: RHB Jorge Gonzalez
|
0-0: Called Strike 0-1: Foul Ball, location: 2F 0-2: Ball 1-2: Ball 2-2: Foul Ball, location: 2F 2-2: Ball 3-2: Strikes out looking
|
| Top of the 7th over - 0 runs, 0 hits, 0 errors, 1 left on base; Chicago (APP) 0 - Ogden 31 |
| BOTTOM OF THE 7TH |
|
Ogden Raptors batting - Pitching for Chicago (APP) Cubs : RHP Masato Iwase
|
|
Batting: RHB Kekoa Kahele
|
0-0: Ball 1-0: SINGLE (Line Drive, 78M, EV 90.6 MPH)
|
|
Batting: RHB Carlos Gonzalez
|
0-0: Fly out, F9 (Flyball, 89M, EV 89.4 MPH)
|
|
Batting: RHB Jerry Sanchez
|
0-0: Fielders Choice at 2nd, 6-4 (Groundball, 6, EV 100.0 MPH)
|
|
Batting: LHB Pedro Garza
|
0-0: Ball 1-0: SINGLE (Line Drive, 78M, EV 106.2 MPH) Jerry Sanchez to second
|
|
Batting: RHB David Watkins
|
0-0: 3-RUN HOME RUN (Flyball, 7LD, EV 93.1 MPH), Distance : 346 ft
|
|
Batting: RHB Roberto Sotelo
|
0-0: Ground out 1-3 (Groundball, 15S, EV 67.5 MPH)
|
| Bottom of the 7th over - 3 runs, 3 hits, 0 errors, 0 left on base; Chicago (APP) 0 - Ogden 34 |
| TOP OF THE 8TH |
|
Chicago (APP) Cubs batting - Pitching for Ogden Raptors : LHP Conor Bailey
|
|
Batting: RHB Lencho Otieno
|
0-0: Called Strike 0-1: Ball 1-1: Ball 2-1: Called Strike 2-2: Ball 3-2: Strikes out looking
|
|
Batting: SHB Jim Lloyd
|
0-0: Ball 1-0: Foul Ball, location: 2F 1-1: Ball 2-1: Ball 3-1: Base on Balls
|
|
Batting: RHB Mike Stein
|
0-0: DOUBLE (Flyball, 78D, EV 110.0 MPH) Jim Lloyd to third Runner from 3rd tries for Home, SAFE, no throw by CF
|
|
Batting: RHB Dustin Goldsborough
|
0-0: Ball 1-0: Called Strike 1-1: Ball 2-1: Ball 3-1: Base on Balls
|
|
Batting: RHB Andy Baumhardt
|
0-0: Ball 1-0: Ball 2-0: Ball 3-0: Base on Balls Mike Stein to third Dustin Goldsborough to second
|
|
Batting: RHB Juan Lira
|
0-0: Ball 1-0: Foul Ball, location: 2F 1-1: Ball 2-1: Foul Ball, location: 2F 2-2: Foul Ball, location: 2F 2-2: Foul Ball, location: 2F 2-2: Ball 3-2: Strikes out swinging
|
|
Batting: LHB Jose Mafano
|
0-0: Ball 1-0: Foul Ball, location: 2F 1-1: Ball 2-1: Called Strike 2-2: Strikes out swinging
|
| Top of the 8th over - 1 run, 1 hit, 0 errors, 3 left on base; Chicago (APP) 1 - Ogden 34 |
| BOTTOM OF THE 8TH |
|
Ogden Raptors batting - Pitching for Chicago (APP) Cubs : RHP Masato Iwase
|
|
Batting: SHB Jason Todd
|
0-0: Foul Ball, location: 2F 0-1: Foul Ball, location: 2F 0-2: Reached on error, E3 (Groundball, 13, EV 86.9 MPH)
|
|
Batting: RHB Bobby Altamirano
|
0-0: SINGLE (Line Drive, 6MD, EV 99.4 MPH) Jason Todd to third
|
|
Batting: RHB Felipe Rivera
|
0-0: Fielders Choice at 2nd, 3-6 (Groundball, 3, EV 82.5 MPH) Jason Todd scores
|
|
Batting: RHB Kekoa Kahele
|
0-0: Ball 1-0: Fly out, F8 (Line Drive, 8LD, EV 96.9 MPH)
|
|
Batting: RHB Carlos Gonzalez
|
0-0: Ball 1-0: Ball 2-0: DOUBLE (Line Drive, 9LM, EV 107.5 MPH) Felipe Rivera to third
|
|
Batting: RHB Jerry Sanchez
|
0-0: Ground out 1-3 (Groundball, 13S, EV 68.1 MPH)
|
| Bottom of the 8th over - 1 run, 2 hits, 1 error, 2 left on base; Chicago (APP) 1 - Ogden 35 |
| TOP OF THE 9TH |
|
Chicago (APP) Cubs batting - Pitching for Ogden Raptors : LHP Conor Bailey
|
|
Batting: RHB Andy Villarreal
|
0-0: Ball 1-0: Foul Ball, location: 2F 1-1: Ball 2-1: Ball 3-1: Base on Balls
|
|
Batting: RHB Jorge Gonzalez
|
0-0: Grounds into double play, 5-4-3 (Groundball, 5, EV 85.6 MPH)
|
|
Batting: RHB Lencho Otieno
|
0-0: Ball 1-0: Foul Ball, location: 2F 1-1: Ball 2-1: Foul Ball, location: 2F 2-2: Foul Ball, location: 2F 2-2: Strikes out looking
|
| Top of the 9th over - 0 runs, 0 hits, 0 errors, 0 left on base; Chicago (APP) 1 - Ogden 35 |
|